 Dungeon Crawl Stone Soup version 0.23-a0-635-g88ca12a (console) character file.

6 Duffy the Digger (level 2, 19/19 HPs)
             Began as a Formicid Earth Elementalist on Dec 27, 2018.
             Quit the game on level 1 of the Dungeon.
             The game lasted 00:00:28 (384 turns).

Duffy the Digger (Formicid Earth Elementalist)       Turns: 384, Time: 00:00:29

Health: 19/19      AC:  2    Str: 12    XL:     2   Next: 0%
Magic:  5/5        EV: 12    Int: 14    God:
Gold:   3          SH:  0    Dex: 11    Spells: 4/5 levels left

rFire    . . .     SeeInvis +   a - +0 whip
rCold    . . .     Gourm    .   (no shield)
rNeg     . . .     Faith    .   c - +0 robe
rPois    .         Spirit   .   (helmet unavailable)
rElec    .         Reflect  .   (no cloak)
rCorr    .         Harm     .   (no gloves)
MR       .....                  (no boots)
Stlth    ++........             (no amulet)
HPRegen  0.06/turn              (no ring)
MPRegen  0.09/turn              (no ring)

@: no status effects
A: permanent stasis, dig shafts and tunnels, four strong arms, antennae 3
a: Dig, Shaft Self


You were on level 1 of the Dungeon.
You were not hungry.

You visited 1 branch of the dungeon, and saw 1 of its levels.

You collected 3 gold pieces.

Inventory:

Hand Weapons
 a - a +0 whip (weapon)
Missiles
 b - 24 stones (quivered)
Armour
 c - a +0 robe (worn)
 h - a +0 ring mail
Scrolls
 e - a scroll of remove curse {unknown}
Potions
 g - a potion of agility {unknown}
Comestibles
 d - 2 rations
 f - 4 chunks of flesh


   Skills:
 - Level 1.7 Dodging
 - Level 2.4 Stealth
 + Level 2.4 Spellcasting
   Level 1.1 Transmutations
 + Level 3.9 Earth Magic


You had 4 spell levels left.
You knew the following spells:

 Your Spells              Type           Power        Failure   Level  Hunger
h - Sandblast             Erth           ##....       4%          1    #......

Your spell library contained the following spells:

 Spells                   Type           Power        Failure   Level  Hunger
 Passwall                 Tmut/Erth      #.......     12%         2    ###....
 Stone Arrow              Conj/Erth      #.....       30%         3    ###....
 Petrify                  Tmut/Erth      #.......     63%         4    #####..
 Lee's Rapid Deconstruct  Erth           ##........   77%         5    ######.


Dungeon Overview and Level Annotations

Branches:
Dungeon (1/15)

Altars:


Innate Abilities, Weirdness & Mutations

You cannot be hasted, slowed, berserked, paralysed or teleported.
You can dig through walls and to a lower floor.
Your four strong arms can wield two-handed weapons with a shield.
You have a pair of large antennae on your head. (SInv)


Message History

Things that are here:
a +0 club; a hobgoblin corpse You see here a ring mail.
h - a ring mail Wear which item? (? for menu, Esc to quit)
You don't have any such object.
Wear which item? (? for menu, Esc to quit)
You don't have any such object.
Wear which item? (? for menu, Esc to quit)
Okay, then.
All of the chunks of flesh in your inventory have rotted away.
HP restored.
You butcher the hobgoblin corpse.
f - 4 chunks of flesh
Things that are here:
a +0 club; a hobgoblin skeleton
Things that are here:
a +0 club; a hobgoblin skeleton You sense a monster nearby.
Are you sure you want to abandon this character and quit the game? (Confirm

#.......#.#
#.........####
#....)).......
#.......#####
####..........##
#....##+#......# {
#####....##.....(..#
##........#######...#
#....@..#########...#
#........)......#...#
#.......#######.#.####
#.......#.........#...
#.$.....#.#####...#...
#.#######.# #..#.#.<.
#. #.# #.##.#... # #.#
#)##.#... #.#
#....####


There were no monsters in sight!

Vanquished Creatures
  A ball python (D:1)
  3 goblins (D:1)
  A hobgoblin (D:1)
  A kobold (D:1)
6 creatures vanquished.

Notes
Turn   | Place    | Note
-------+----------+-------------------------------------------
     0 | D:1      | Duffy the Formicid Earth Elementalist began the quest for
                  | the Orb.
     0 | D:1      | Reached XP level 1. HP: 13/13 MP: 3/3
   202 | D:1      | Reached XP level 2. HP: 8/19 MP: 5/5
   384 | D:1      | Quit the game

Vault maps used:
D:1:      scummos_arrival_gate

Action                   || total
-------------------------++-------
Melee: Whip              ||     9
 Cast: Sandblast         ||     6
Armor: Robe              ||     1
Dodge: Dodged            ||     4

Table legend:
 A = Non-vault XP
 B = Vault XP
 C = Vault XP percentage of total XP
 D = Non-vault monster count
 E = Vault monster count
 F = Vault count percentage of total count
                 A         B        C        D         E       F
            +---------+---------+-------+---------+---------+-------
      Total |       9 |       0 |   0.0 |       6 |       0 |   0.0
            +---------+---------+-------+---------+---------+-------
        D:1 |       9 |       0 |   0.0 |       6 |       0 |   0.0
            +---------+---------+-------+---------+---------+-------
